 Dungeon Crawl Stone Soup version 0.28-a0-465-ge2dae52223 (webtiles) character file.

Game seed: 13053315258847850146

66 robertstho the Magician (level 4, -10/31 HPs)
             Began as a Djinni Fire Elementalist on Sept 14, 2021.
             Mangled by an ogre (15 damage)
             ... on level 3 of the Dungeon.
             The game lasted 00:02:19 (2534 turns).

robertstho the Magician (Djinni Fire Elementalist)  Turns: 2534, Time: 00:02:20

Health: -10/31     AC:  2    Str:  7    XL:     4   Next: 37%
Gold:   75         EV: 12    Int: 17    God:
                   SH:  0    Dex: 14

rFire   + + .      SeeInvis .   j - +0 short sword
rCold   x . .      Faith    .   (no shield)
rNeg    . . .      Spirit   .   a - +0 robe
rPois   ∞          Reflect  .   (no helmet)
rElec   .          Harm     .   (no cloak)
rCorr   .          Rampage  .   (no gloves)
Will    .....                   (boots unavailable)
Stlth   ++........              (no amulet)
HPRegen 0.10/turn               (no ring)
MPRegen 0.00/turn               (no ring)

@: flying
A: sickness immunity, fire resistance 2, cold vulnerability 1, float, innate
caster, hp casting, extra vitality 1
a: no special abilities


You were on level 3 of the Dungeon.
You visited 1 branch of the dungeon, and saw 3 of its levels.

You collected 75 gold pieces.

Inventory:

Hand Weapons
 j - a +0 short sword (weapon)
Missiles
 c - a throwing net
Armour
 a - a +0 robe (worn)
Jewellery
 g - an amulet of the acrobat
Scrolls
 b - a scroll of identify {unknown}
 e - a scroll of teleportation {unknown}
 f - a scroll of silence {unknown}
 i - a scroll of vulnerability {unknown}
 k - a scroll of enchant armour {unknown}
 l - a scroll of noise {unknown}
Potions
 d - a potion of haste {unknown}
 h - a potion of cancellation {unknown}


   Skills:
 * Level 0.9 Fighting
 + Level 2.6 Dodging
 + Level 1.6 Stealth
 * Level 3.5 Spellcasting


You couldn't memorise any spells.
You knew the following spells:

 Your Spells              Type           Power      Damage    Failure   Level
a - Foxfire               Conj/Fire      56%        2x1d6     4%          1
b - Scorch                Fire           28%        2d6       6%          2
c - Conjure Flame         Conj/Fire      14%        6-21      12%         3
d - Inner Flame           Hex/Fire       14%        N/A       12%         3
e - Flame Wave            Conj/Fire      14%        3d5       36%         4
f - Sting                 Tmut/Pois      56%        1d5       4%          1
Your spell library was empty.

Dungeon Overview and Level Annotations

Branches:
Dungeon (3/15)

Altars:
Kikubaaqudgha
Nemelex Xobeh
Okawaru
Ru
Sif Muna
Trog
Yredelemnul
The Shining One


Innate Abilities, Weirdness & Mutations

You are immune to sickness and miasma.
You are immune to poison.
Your flesh is very heat resistant. (rF++)
You are vulnerable to cold. (rC-)
You float through the air rather than walking.
You learn spells naturally, not from books.
Your magical power is your life essence.
You have superior vitality. (+4 HP)


Message History

An ogre comes into view. It is wielding a +0 giant club.
An ogre is nearby!
Casting: Foxfire (safe; 4% risk of failure)
Press: ? - help, Q - select action, (/) - cycle Dir - look around, f - activate You conjure some foxfire!
The ogre shouts!
The foxfire hits the ogre.
The ogre is lightly wounded.
The foxfire hits the ogre.
The ogre is moderately wounded.
Casting: Foxfire (safe; 4% risk of failure)
Press: ? - help, Q - select action, (/) - cycle Dir - look around, f - activate You conjure some foxfire!
The foxfire hits the ogre.
The ogre is heavily wounded.
The foxfire hits the ogre.
The ogre is heavily wounded.
Casting: Foxfire (safe; 4% risk of failure)
Press: ? - help, Q - select action, (/) - cycle Dir - look around, f - activate You conjure some foxfire!
Casting: Foxfire (safe; 4% risk of failure)
Press: ? - help, Q - select action, (/) - cycle Dir - look around, f - activate You conjure some foxfire!
The foxfire hits the ogre.
The ogre is severely wounded.
The foxfire hits the ogre.
The ogre is severely wounded.
The ogre hits you with a +0 giant club!!
Ouch! That really hurt!
* * * LOW HITPOINT WARNING * * *
Casting: Foxfire (safe; 4% risk of failure)
Confirm with . or Enter, or press ? or * to list all spells.
Flames lash the ogre.
The ogre is almost dead.
The ogre's fire resistance burns away.
* * * LOW HITPOINT WARNING * * *
The foxfire hits the ogre.
The ogre is burned terribly!
The ogre is almost dead.
The ogre hits you with a +0 giant club!
You die...

#######
#..)##......
####.#.).......
#####..>.........##
......##.##.>...##
###..)....#..##
#§##)###...##
.#####§##.###.....
.....v§.#..........
...§§#@#..........
......O.§.........
................#.
........#.#...###
..........#...#
......#.......#
.##...#.........
#.(#............
#.# #.#........


You could see an ogre (combustible, ally target).

Vanquished Creatures
  An adder (D:2)
  A dart slug (D:2)
  4 orcs (D:3)
  3 bats
  9 endoplasms
  A giant cockroach (D:1)
  6 goblins
  4 hobgoblins (D:1)
  2 kobolds
  A quokka (D:1)
  8 ball pythons
  2 frilled lizards
  3 rats (D:2)
45 creatures vanquished.

Vanquished Creatures (collateral kills)
  3 foxfires (D:1)
3 creatures vanquished.

Vanquished Creatures (others)
  228 foxfires
228 creatures vanquished.

Grand Total: 276 creatures vanquished

Notes
Turn   | Place    | Note
-------+----------+-------------------------------------------
     0 | D:1      | robertstho the Djinni Fire Elementalist began the quest for
                  | the Orb.
     0 | D:1      | Reached XP level 1. HP: 15/15 MP: 0/0
   267 | D:1      | Reached XP level 2. HP: 18/21 MP: 0/0
   786 | D:1      | Reached XP level 3. HP: 25/25 MP: 0/0
   786 | D:1      | Learned a level 1 spell: Sting
   912 | D:1      | Found a faded altar of an unknown god.
   918 | D:1      | Reached skill level 3 in Spellcasting
  1307 | D:1      | You are sucked into a shaft and drop 1 floor!
  1760 | D:2      | Reached XP level 4. HP: 30/31 MP: 0/0
  2247 | D:3      | Found an iron altar of Okawaru.
  2254 | D:3      | Found a glowing golden altar of the Shining One.
  2260 | D:3      | Found a sparkling altar of Nemelex Xobeh.
  2267 | D:3      | Found a bloodstained altar of Trog.
  2273 | D:3      | Found a sacrificial altar of Ru.
  2292 | D:3      | Found a basalt altar of Yredelemnul.
  2526 | D:3      | Noticed an ogre
  2534 | D:3      | Mangled by an ogre

Illustrated notes

Levels and vault maps discovered:
D:1:      zelgadis_glass_arrival_small, layout_rooms,
          dreamdust_ecumenical_altar_hidden_monk_grotto
D:2:      layout_rooms, serial_glass, glass_columns_b, glass_columns_c,
          glass_columns_a, glass_columns_a, glass_columns_b, basic_altar
D:3:      layout_rooms, grunt_temple_overflow_octagram,
          lightli_sewer_entry_pipes

Skill      XL: |  1  2  3 |
---------------+----------+-----
Spellcasting   | 3 |  3.5
Fighting       | |  0.9
Dodging        | |  2.6
Stealth        | |  1.6

Action                   |  1- 3 |  4- 6 || total
-------------------------+-------+-------++-------
 Cast: Foxfire           |    96 |    42 ||   138
       Scorch            |       |     1 ||     1
Dodge: Dodged            |     2 |     1 ||     3

Table legend: (Time is in decaauts)
 A = Elapsed time spent in this place.
 B = Non-inter-level travel time spent in this place.
 C = Inter-level travel time spent in this place.
 D = Time resting spent in this place.
 E = Time spent auto-exploring this place.
 F = Levels seen in this place.
 G = Mean time per level.
                   A        B        C        D        E       F      G
               +--------+--------+--------+--------+--------+-----+--------+
         Total |   2533 |   2517 |     16 |      0 |   2221 |   3 |  844.3 |
       Dungeon |   2533 |   2517 |     16 |      0 |   2221 |   3 |  844.3 |
               +--------+--------+--------+--------+--------+-----+--------+

Top non-repeatable levels by time:
     D:1: 1307 daAuts
     D:2: 835 daAuts
     D:3: 391 daAuts
